 Dungeon Crawl Stone Soup version 0.31-a0-236-g9a0961fb85 (webtiles) character file.

Game seed: 5411061498947829978

77 qw the Shooter (level 4, 0/36 HPs)
             Began as a Minotaur Hexslinger on July 10, 2023.
             Killed from afar by Sigmund (5 damage)
             ... with a magic dart
             ... on level 2 of the Dungeon.
             The game lasted 00:00:32 (1214 turns).

qw the Shooter (Minotaur Hexslinger)                Turns: 1214, Time: 00:00:33

Health: 0/36       AC:  5    Str: 13    XL:     4   Next: 14%
Magic:  4/4        EV: 12    Int: 10    God:
Gold:   109        SH:  0    Dex: 14    Spells: 4/5 levels left

rFire   . . .        Y - +2 sling
rCold   . . .        (no shield)
rNeg    . . .        h - +0 leather armour
rPois   .            (helmet restricted)
rElec   .            j - +1 cloak {rCorr}
rCorr   +            (no gloves)
SInv    .            (no boots)
Will    .....        (no amulet)
Stlth   +            (no ring)
HPRegen 0.26/turn    (no ring)
MPRegen 0.09/turn

%: no passive effects
@: no status effects
A: horns 2, retaliatory headbutt
a: no special abilities


You were on level 2 of the Dungeon.
You visited 1 branch of the dungeon, and saw 2 of its levels.

You collected 109 gold pieces.


Innate Abilities, Weirdness & Mutations

You have a pair of horns on your head.
You reflexively headbutt those who attack you in melee.


   Skills:
 - Level 2.0 Fighting
 + Level 4.6 Ranged Weapons
 - Level 2.1 Dodging
 - Level 1.0 Spellcasting
 - Level 2.0 Hexes


You had 4 spell levels left.
You knew the following spells:

 Your Spells              Type           Power      Damage    Failure   Level
a - Slow                  Hex            16%        N/A       19%         1

Your spell library contained the following spells:

 Spells                   Type           Power      Damage    Failure   Level
 Inner Flame              Hex/Fire       2%         N/A       65%         3
 Portal Projectile        Hex/Tloc       4%         N/A       65%         3
 Cause Fear               Hex            2%         N/A       88%         4

Inventory:

Hand Weapons
 Y - a +2 sling (weapon)
Armour
 h - a +0 leather armour (worn)
 j - a +1 cloak of preservation (worn)
Scrolls
 a - a scroll of teleportation {unknown}
 b - a scroll of vulnerability {unknown}
Potions
 d - a potion of mutation {unknown}
 g - a potion of curing {unknown}
 i - a potion of enlightenment {unknown}

Dungeon Overview and Level Annotations

Branches:
Dungeon (2/15)

Altars:

Annotations:
D:2 Sigmund


Message History

Sigmund casts a spell at you. The puff of flame misses you.
1193 ||| FLEEEEING.
1194 ||| FLEEEEING.
1195 ||| FLEEEEING.
1196 ||| STILL FLEEEEING.
1197 ||| STILL FLEEEEING.
1198 ||| STILL FLEEEEING.
1199 ||| STILL FLEEEEING.
1200 ||| STILL FLEEEEING.
1201 ||| STILL FLEEEEING.
1202 ||| STILL FLEEEEING.
1203 ||| FLEEEEING.
1204 ||| FLEEEEING.
1205 ||| STILL FLEEEEING.
1206 ||| STILL FLEEEEING.
1207 ||| STILL FLEEEEING.
1208 ||| STILL FLEEEEING.
An endoplasm comes into view.
You shoot a sling bullet. The endoplasm quivers.
The sling bullet hits the endoplasm.
The endoplasm is heavily wounded.
You shoot a sling bullet. The sling bullet hits the endoplasm.
The endoplasm is almost dead.
You shoot a sling bullet. The sling bullet hits the endoplasm!
You kill the endoplasm!
You shoot a sling bullet. The sling bullet hits Sigmund.
Sigmund is moderately wounded.
Sigmund giggles. "Time to reap what you sow."
Sigmund gestures at you while chanting. The puff of flame hits you.
You shoot a sling bullet. The sling bullet barely misses Sigmund.
Sigmund zaps a wand.
The puff of flame misses you.
You shoot a sling bullet.
The sling bullet hits Sigmund but does no damage.
Sigmund is moderately wounded.
Sigmund gestures at you while chanting. The magic dart hits you.
You die...

.#######.##..#.###.......)...##
.........##.....###..##..###..#
########.....%.......##.PPPPP?#
# #.##.....###.###.P$$$P(# #
#.##.....###.# ##P$$$P.# #
#.##.........# #P$$$P## #
#.##.#...#####


#PPPPP# ########.##....>.# #.##### .........#####.#@# #.# ########.# #>#.# ##.#
#>#.# #..# ..#@# #.## ####### ###.# #.# ......@ #...# #.# # #.### #.# # #.# #.#
# #.# #.# You could see Sigmund.

Vanquished Creatures
  4 gnolls (D:2)
  A dart slug (D:1)
  3 bats (D:2)
  2 endoplasms (D:2)
  5 goblins
  4 hobgoblins
  2 quokkas
  4 ball pythons
  A frilled lizard (D:2)
  6 kobolds
  A rat (D:2)
33 creatures vanquished.

Notes
Turn   | Place    | Note
-------+----------+-------------------------------------------
     0 | D:1      | qw the Minotaur Hexslinger began the quest for the Orb.
     0 | D:1      | Reached XP level 1. HP: 16/16 MP: 1/1
     0 | D:1      | 0 ||| qw: Version: 0.3-a-52-g30416fa
     0 | D:1      | 0 ||| qw: Game counter: 4543
     0 | D:1      | 0 ||| qw: Melee chars always use a shield: true
     0 | D:1      | 0 ||| qw: God list: Okawaru
     0 | D:1      | 0 ||| qw: Allow faded altars: false
     0 | D:1      | 0 ||| qw: Do Orc after clearing Dungeon:15 true
     0 | D:1      | 0 ||| qw: Do second Lair branch before Depths: true
     0 | D:1      | 0 ||| qw: Lair rune preference: random
     0 | D:1      | 0 ||| qw: Goals: Normal
     0 | D:1      | 0 ||| PLANNING D:1-11
   109 | D:1      | Reached skill level 3 in Ranged Weapons
   129 | D:1      | Reached XP level 2. HP: 23/23 MP: 2/2
   404 | D:1      | Found a faded altar of an unknown god.
   528 | D:1      | 528 ||| UPGRADING to +0 leather armour.
   538 | D:1      | 538 ||| DROPPING +0 robe.
   539 | D:1      | 539 ||| UPGRADING to +1 cloak of preservation.
   544 | D:1      | 544 ||| READING 2 scrolls labelled LYABRE KOY.
   545 | D:1      | 545 ||| READING scroll labelled NAELLA JOKUIMA.
   546 | D:1      | 546 ||| DROPPING scroll of blinking.
   547 | D:1      | 547 ||| DROPPING scroll of poison.
   606 | D:2      | Reached XP level 3. HP: 17/29 MP: 3/3
   607 | D:2      | HP: 7/29 [gnoll/+0 halberd (10)]
   614 | D:2      | Reached skill level 4 in Ranged Weapons
   617 | D:2      | HP: 1/29 [gnoll/+0 whip (8)]
   654 | D:2      | 654 ||| FLEEEEING.
   662 | D:2      | 662 ||| STAIRDANCE
   897 | D:2      | Reached XP level 4. HP: 36/36 MP: 4/4
  1165 | D:2      | Noticed Sigmund
  1166 | D:2      | 1166 ||| FLEEEEING.
  1172 | D:2      | 1172 ||| FLEEEEING.
  1173 | D:2      | 1173 ||| FLEEEEING.
  1174 | D:2      | 1174 ||| FLEEEEING.
  1183 | D:2      | 1183 ||| FLEEEEING.
  1187 | D:2      | 1187 ||| FLEEEEING.
  1188 | D:2      | 1188 ||| FLEEEEING.
  1189 | D:2      | 1189 ||| FLEEEEING.
  1190 | D:2      | 1190 ||| FLEEEEING.
  1191 | D:2      | 1191 ||| FLEEEEING.
  1191 | D:2      | HP: 3/36 [Sigmund/puff of flame (10)]
  1192 | D:2      | 1192 ||| FLEEEEING.
  1193 | D:2      | 1193 ||| FLEEEEING.
  1194 | D:2      | 1194 ||| FLEEEEING.
  1195 | D:2      | 1195 ||| FLEEEEING.
  1203 | D:2      | 1203 ||| FLEEEEING.
  1204 | D:2      | 1204 ||| FLEEEEING.
  1212 | D:2      | HP: 4/36 [Sigmund/puff of flame (5)]
  1214 | D:2      | Killed from afar by Sigmund

Levels and vault maps discovered:
D:1:      dpeg_arrival_arbitrary_b, layout_basic,
          chequers_ecumenical_altar_simple, minmay_misc_feat_alley
D:2:      layout_loops_ring, minmay_gold_behind_fungi, uniq_sigmund

Skill      XL: |  1  2  3 |
---------------+----------+-----
Ranged Weapons | 3 4 |  4.6
Fighting       | 2 |  2.0
Dodging        | |  2.1
Spellcasting   | |  1.0
Hexes          | |  2.0

Action                     |  1- 3 |  4- 6 || total
---------------------------+-------+-------++-------
   Fire: Sling             |    61 |    22 ||    83
    Use: Scroll            |     2 |       ||     2
 Armour: Robe              |     1 |       ||     1
         Leather armour    |     3 |       ||     3
  Dodge: Dodged            |    12 |     5 ||    17

Table legend:
 A = Non-vault XP
 B = Vault XP
 C = Vault XP percentage of total XP
 D = Non-vault monster count
 E = Vault monster count
 F = Vault count percentage of total count
                 A         B        C        D         E       F
            +---------+---------+-------+---------+---------+-------
      Total |     111 |       0 |   0.0 |      33 |       0 |   0.0
            +---------+---------+-------+---------+---------+-------
        D:1 |      23 |       0 |   0.0 |      12 |       0 |   0.0
        D:2 |      88 |       0 |   0.0 |      21 |       0 |   0.0
            +---------+---------+-------+---------+---------+-------
